 Dungeon Crawl Stone Soup version 0.28-a0-723-g095bd1b44f (webtiles) character file.

Game seed: 14680964514469745881

3 croobank the Chopper (level 1, -1/28 HPs)
             Began as a Minotaur Berserker on Oct 25, 2021.
             Was a Follower of Trog.
             Slain by a hobgoblin (4 damage)
             ... on level 1 of the Dungeon.
             The game lasted 00:02:45 (149 turns).

croobank the Chopper (Minotaur Berserker)            Turns: 149, Time: 00:02:48

Health: -1/28      AC:  2    Str: 21    XL:     1   Next: 41%
Magic:  0/0        EV: 12    Int:  4    God:    Trog [*.....]
Gold:   0          SH:  0    Dex:  9    Spells: 0/0 levels left

rFire   . . .      SeeInvis .   a - +0 hand axe
rCold   . . .      Faith    .   (no shield)
rNeg    . . .      Spirit   .   b - +0 animal skin
rPois   .          Reflect  .   (helmet restricted)
rElec   .          Harm     .   (no cloak)
rCorr   .          Rampage  .   (no gloves)
Will    .....                   (no boots)
Stlth   ..........              (no amulet)
HPRegen 0.09/turn               (no ring)
MPRegen 0.07/turn               (no ring)

@: berserking, very quick
A: horns 2, retaliatory headbutt
a: Renounce Religion, Berserk


You were on level 1 of the Dungeon.
You worshipped Trog.
Trog was aware of your devotion.
You visited 1 branch of the dungeon, and saw 1 of its levels.

Inventory:

Hand Weapons
 a - a +0 hand axe (weapon)
 d - a +0 spear
Missiles
 f - 19 stones (quivered)
Armour
 b - a +0 animal skin (worn)
 e - a +0 robe
Scrolls
 c - 3 scrolls of identify


   Skills:
 + Level 3.6 Fighting
 + Level 3.7 Axes
 + Level 2.4 Armour
 + Level 2.3 Dodging


You couldn't memorise any spells.
You didn't know any spells.
Your spell library contained the following spells:

 Spells                   Type           Power      Damage    Failure   Level
 Ignite Poison            Fire/Tmut/Pois 0%         N/A       86%         3
 Mephitic Cloud           Conj/Pois/Air  0%         N/A       86%         3
 Freezing Cloud           Conj/Ice/Air   0%         6-21      100%        5


Dungeon Overview and Level Annotations

Branches:
Dungeon (1/15)

Altars:


Innate Abilities, Weirdness & Mutations

You have a pair of horns on your head.
You reflexively headbutt those who attack you in melee.


Message History

You kill the hobgoblin!
Trog accepts your kill.
You see here a hobgoblin corpse.
You see here a hobgoblin corpse.
As you open the door, it creaks loudly!
A rat and a kobold come into view.
The kobold shouts!
You hear an angry hiss.
You hear a shout!
Found a ring mail.
A ball python and a kobold come into view.
The kobold shouts!
The ball python hisses angrily.
There is an open door here.
The kobold hits you with a +0 short sword.
You barely miss the kobold.
The kobold hits you with a +0 short sword.
A hobgoblin comes into view.
The rat bites you but does no damage. The kobold closely misses you.
You hit the kobold but do no damage. You closely miss the rat.
The rat closely misses you.
The kobold hits you with a +0 short sword.
A red film seems to cover your vision as you go berserk!
You feel yourself moving faster!
You feel mighty!
The ball python bites you but does no damage.
The ball python grabs you. The ball python constricts you.
The rat barely misses you.
The kobold hits you with a +0 short sword.
* * * LOW HITPOINT WARNING * * *
Okay, then.
You slash the kobold!
You kill the kobold!
Trog accepts your kill.
You slash the ball python!
You kill the ball python!
Trog accepts your kill.
You barely miss the kobold. You closely miss the hobgoblin. You hit the rat.
You kill the rat!
Trog accepts your kill. The kobold hits you with a +0 dagger.
* * * LOW HITPOINT WARNING * * *
The hobgoblin hits you.
You die...

#... #.†##
#.....#...# #
#####.... #.#.#
......... #.#.#
......... #.#.#
........# #.#.#
........###.#.#
.......g'...#.#
......)@###...#
......†K# #...#
........# #...#
........# #.#.#
..[.....# #.#..
........#
#.#..#
........+
..#...
........#


You could see a hobgoblin and a kobold.

Vanquished Creatures
  2 hobgoblins (D:1)
  A kobold (D:1)
  2 ball pythons (D:1)
  A rat (D:1)
6 creatures vanquished.

Notes
Turn   | Place    | Note
-------+----------+-------------------------------------------
     0 | D:1      | croobank the Minotaur Berserker began the quest for the
                  | Orb.
     0 | D:1      | Reached XP level 1. HP: 19/19 MP: 0/0
   149 | D:1      | Slain by a hobgoblin

Illustrated notes

Levels and vault maps discovered:
D:1:      eino_arrival_cavern_e, layout_basic,
          shapermc_ecumenical_altar_notcrosses, glass_columns_c

Action                   || total
-------------------------++-------
Melee: Hand axe          ||     9
       Headbutt          ||     1
Throw: Stone             ||     2
Invok: Berserk           ||     1
  Use: Scroll            ||     1
Armor: Animal skin       ||     2
Dodge: Dodged            ||     9

Table legend: (Time is in decaauts)
 A = Elapsed time spent in this place.
 B = Non-inter-level travel time spent in this place.
 C = Inter-level travel time spent in this place.
 D = Time resting spent in this place.
 E = Time spent auto-exploring this place.
 F = Levels seen in this place.
 G = Mean time per level.
                   A        B        C        D        E       F      G
               +--------+--------+--------+--------+--------+-----+--------+
         Total |    150 |    150 |      0 |      0 |     67 |   1 |  150.0 |
       Dungeon |    150 |    150 |      0 |      0 |     67 |   1 |  150.0 |
               +--------+--------+--------+--------+--------+-----+--------+

Top non-repeatable levels by time:
     D:1: 150 daAuts
